Map: Amphion LE

Players

jeannysu

  • Race: Zerg Zerg
  • Spawn Location: 11:00

치터 칸 (가장 어려움) - Winner!

  • Race: Zerg Zerg
  • Spawn Location: 7:00

VOD

Have the link to the VOD?

Description

Time

  • Played on: Sept. 3, 2025, 10:29 a.m.
  • Length: 3:31
Show
View Real Time Build Order
Export as new Build Order

jeannysu Zerg 

Build Orders: Hatch First 

Get SALT Encoding   

  12  0:00  Drone  
  13  0:12  Overlord  
  13  0:17  Drone  
  14  0:31  Drone x2  
  16  0:49  Hatchery  
  15  0:52  Drone  
  15  0:56  Drone  
  17  1:01  Drone  
  18  1:10  Extractor  
  17  1:17  Spawning Pool  
  16  1:20  Drone  
  16  1:23  Drone  
  18  1:29  Drone  
  19  1:39  Drone  
  20  2:04  Zergling x4, Queen  
  20  2:06  Queen  
  20  2:07  Drone  
  27  2:11  Overlord  
  27  2:13  Drone  
  28  2:31  Drone  
  28  2:32  Drone  
  28  2:34  Drone  
  28  2:35  Drone  
  32  2:48  Hatchery  
  32  2:50  Drone  
  32  2:52  Drone  
  32  2:55  Overlord  
  32  2:58  Drone  
Show
View Real Time Build Order
Export as new Build Order

치터 칸 (가장 어려움) Zerg - Winner!

Build Orders: Pool First 

Get SALT Encoding   

  12  0:00  Drone  
  13  0:12  Overlord  
  13  0:15  Drone  
  14  0:30  Drone  
  14  0:35  Drone, Spawning Pool  
  15  0:40  Drone  
  16  0:44  Drone  
  16  0:47  Extractor  
  16  0:55  Drone  
  17  1:06  Drone  
  18  1:16  Drone  
  19  1:20  Hatchery  
  19  1:22  Queen  
  20  1:33  Roach Warren  
  20  1:34  Drone  
  20  1:38  Drone  
  21  1:49  Zergling x2  
  22  1:59  Overlord  
  22  2:10  Overlord  
  22  2:21  Roach  
  24  2:28  Roach x3  
  30  2:32  Roach x2  
  34  2:43  Roach x2  
  38  2:53  Overlord  
  38  2:54  Roach  
  40  3:00  Overlord  
  40  3:01  Roach x2  
  44  3:11  Roach x2  
  48  3:18  Extractor  
  50  3:20  Extractor  
  50  3:21  Extractor  
Tags
 
Matchup
ZvZ
Race
Zerg
Replay Pack
새 폴더
Spawn Locations
Close Positions
Add a new tag
Caveats
  • Supply blocks, unpowered buildings, or Contaminate may cause inaccurate times.
  • Supply counts are checked every 10 seconds.